 Dungeon Crawl Stone Soup version 0.21-a0-509-gecc5317 (webtiles) character file.

23 Laiders the Thaumaturge (level 3, -1/28 HPs)
             Began as a Gnoll Wanderer on Nov 30, 2017.
             Slain by an adder (2 damage)
             ... on level 2 of the Dungeon.
             The game lasted 00:04:30 (942 turns).

Laiders the Thaumaturge (Gnoll Wanderer)             Turns: 942, Time: 00:04:31

Health: -1/28      AC:  5    Str: 13    XL:     3   Next: 0%
Magic:  13/13      EV: 11    Int: 17    God:
Gold:   111        SH:  0    Dex: 13    Spells: 19/20 levels left

rFire    . . .     SeeInvis .   a - +2 spear
rCold    . . .     Gourm    .   (no shield)
rNeg     . . .     Faith    .   d - +0 robe
rPois    .         Spirit   .   (no helmet)
rElec    .         Reflect  .   (no cloak)
rCorr    .         Harm     .   (no gloves)
MR       .....                  l - +2 pair of boots
Stlth    +.........             (no amulet)
HPRegen  0.09/turn              (no ring)
MPRegen  0.13/turn              (no ring)

@: lethally poisoned (-1 -> -14)
A: distributed training, fangs 1, strong nose
a: no special abilities


You were on level 2 of the Dungeon.
You were not hungry.

You visited 1 branch of the dungeon, and saw 2 of its levels.

You collected 111 gold pieces.

Inventory:

Hand Weapons
 a - a +2 spear (weapon)
Armour
 d - a +0 robe (worn)
 l - a +2 pair of boots (worn)
Scrolls
 j - a scroll of amnesia {unknown}
 k - a scroll of immolation {unknown}
 m - a scroll of identify {unknown}
Potions
 b - 2 potions of lignification
 e - a potion of flight {unknown}
 h - 2 potions of brilliance {unknown}
 i - a potion of curing {unknown}
Books
 c - the Grimoire of the Entourage

   Spells                             Type                      Level
   a - Summon Small Mammal            Summoning                    1
   b - Recall                         Summoning/Translocation      3
Comestibles
 f - 2 bread rations
 g - 2 chunks of flesh
 n - a fruit


   Skills:
 + Level 2.5 Fighting
 + Level 0.5 Short Blades
 + Level 0.5 Long Blades
 + Level 0.5 Axes
 + Level 0.5 Maces & Flails
 + Level 4.5 Polearms
 + Level 0.5 Staves
 + Level 0.5 Slings
 + Level 0.5 Bows
 + Level 0.5 Crossbows
 + Level 2.5 Throwing
 + Level 0.5 Armour
 + Level 0.5 Dodging
 + Level 0.5 Stealth
 + Level 0.5 Shields
 + Level 0.5 Unarmed Combat
 + Level 9.2 Spellcasting
 + Level 0.4 Conjurations
 + Level 0.4 Hexes
 + Level 0.4 Charms
 + Level 0.4 Summonings
 + Level 0.4 Necromancy
 + Level 0.4 Translocations
 + Level 2.0 Transmutations
 + Level 0.4 Fire Magic
 + Level 0.4 Ice Magic
 + Level 0.4 Air Magic
 + Level 0.4 Earth Magic
 + Level 0.4 Poison Magic
 + Level 0.7 Invocations
 + Level 2.5 Evocations


You had 19 spell levels left.
You knew the following spells:

 Your Spells              Type           Power        Failure   Level  Hunger
a - Summon Small Mammal   Summ           #...         8%          1    None


Dungeon Overview and Level Annotations

Branches:
Dungeon (2/15)

Altars:


Innate Abilities, Weirdness & Mutations

Your experience applies equally to all skills.
You have very sharp teeth.
Your uncanny sense of smell can sniff out nearby items.


Message History

* * * LOW HITPOINT WARNING * * *
You are more poisoned.
The adder poisons you!
You miss the adder.
The adder is severely wounded.
* * * LOW HITPOINT WARNING * * *
You feel sick. The adder barely misses you.
You hit the adder.
The adder is almost dead.
* * * LOW HITPOINT WARNING * * *
You feel sick. The adder bites you but does no damage.
You barely miss the adder.
The adder is almost dead.
* * * LOW HITPOINT WARNING * * *
You feel sick. The adder bites you but does no damage.
You miss the adder.
The adder is almost dead.
* * * LOW HITPOINT WARNING * * *
You feel sick. The adder bites you.
You die...

.... ..#.# .... ...# ....
...# ## .#.. ... .. . #..
..# .##.. .... ...
#+#g#..... ....
....#####.#S#..### .###
..........#@.....#
..........#.##.#... ###
...............#### ...
..........#........ ###
..................##.# ###
..................##... ...
..................##..######
..................##........
..................##........


You could see an adder and a goblin.

Vanquished Creatures
  5 bats (D:1)
  2 giant cockroaches
  2 goblins (D:1)
  2 hobgoblins (D:1)
  2 jackals (D:1)
  2 kobolds
  3 frilled lizards (D:2)
  4 rats (D:1)
22 creatures vanquished.

Notes
Turn   | Place    | Note
-------+----------+-------------------------------------------
     0 | D:1      | Reached skill level 9 in Spellcasting
     0 | D:1      | Laiders the Gnoll Wanderer began the quest for the Orb.
     0 | D:1      | Laiders set off with: a +2 spear, a potion of lignification, the Grimoire of the Entourage, a +0 robe, a bread ration
     0 | D:1      | Reached XP level 1. HP: 17/17 MP: 10/10
     1 | D:1      | Identified the Grimoire of the Entourage
     3 | D:1      | Learned a level 1 spell: Summon Small Mammal
   396 | D:1      | Reached XP level 2. HP: 17/23 MP: 9/12
   913 | D:2      | Reached XP level 3. HP: 24/28 MP: 13/13
   942 | D:2      | HP: 1/28 [poisoned by an adder]
   942 | D:2      | Slain by an adder

Vault maps used:
D:1:      dpeg_arrival_prison
D:2:      lightli_temple_of_fire, first_bread

Skill      XL: |  1 |
---------------+----+-----
Spellcasting   | |  9.2
Transmutations | 2 |  2.0
Fighting       | |  2.5
Short Blades   | |  0.5
Long Blades    | |  0.5
Axes           | |  0.5
Maces & Flails | |  0.5
Polearms       | |  4.5
Staves         | |  0.5
Slings         | |  0.5
Bows           | |  0.5
Crossbows      | |  0.5
Throwing       | |  2.5
Armour         | |  0.5
Dodging        | |  0.5
Stealth        | |  0.5
Shields        | |  0.5
Unarmed Combat | |  0.5
Conjurations   | |  0.4
Hexes          | |  0.4
Charms         | |  0.4
Summonings     | |  0.4
Necromancy     | |  0.4
Translocations | |  0.4
Fire Magic     | |  0.4
Ice Magic      | |  0.4
Air Magic      | |  0.4
Earth Magic    | |  0.4
Poison Magic   | |  0.4
Invocations    | |  0.7
Evocations     | |  2.5

Action                   || total
-------------------------++-------
Melee: Spear             ||    94
       Bite              ||     3
 Cast: Summon Small Mamm ||     3
Armor: Robe              ||    17
Dodge: Dodged            ||    48

Table legend:
 A = Spawn XP
 B = Non-spawn XP
 C = Spawn XP percentage of total XP
 D = Spawn monster count
 E = Non-spawn monster count
 F = Spawn count percentage of total count
 G = Total turns spent on level
                    A         B        C        D         E        F      G
               +---------+---------+-------+---------+---------+-------+---------
         Total |       0 |      34 |   0.0 |       0 |      22 |   0.0 |   942
               +---------+---------+-------+---------+---------+-------+---------
           D:1 |       0 |      27 |   0.0 |       0 |      17 |   0.0 |   810
           D:2 |       0 |       7 |   0.0 |       0 |       5 |   0.0 |   132
               +---------+---------+-------+---------+---------+-------+---------
